 Dungeon Crawl Stone Soup version 0.31-a0-1-g4198be8af4 (webtiles) character file.

Game seed: 14233690973458392887

354 bmack86 the Chopper (level 6, 0/55 HPs)
             Began as a Minotaur Fighter on May 1, 2023.
             Slain by a wight
             ... wielding a +0 short sword
              (3 damage)
             ... on level 7 of the Dungeon.
             The game lasted 00:05:19 (2273 turns).

bmack86 the Chopper (Minotaur Fighter)              Turns: 2273, Time: 00:05:19

Health: 0/55       AC: 12    Str: 22    XL:     6   Next: 35%
Magic:  5/5        EV:  8    Int:  5    God:
Gold:   172        SH:  4    Dex: 10    Spells: 5/5 levels left

rFire   + . .        a - +0 war axe (heavy)
rCold   + . .        c - +0 buckler
rNeg    . . .        i - +0 chain mail
rPois   .            (helmet restricted)
rElec   .            (no cloak)
rCorr   .            n - +1 pair of gloves of the Other World {rF+ rC+ SInv}
SInv    +            (no boots)
Will    .....        (no amulet) Stlth
                     (no ring)
HPRegen 0.29/turn    (no ring)
MPRegen 0.09/turn

%: no passive effects
@: marked
A: horns 2, retaliatory headbutt
a: no special abilities


You were on level 7 of the Dungeon.
You visited 1 branch of the dungeon, and saw 5 of its levels.

You collected 172 gold pieces.

Inventory:

Hand Weapons
 a - a +0 heavy war axe (weapon)
Missiles
 k - 6 poisoned darts
 s - 9 boomerangs (quivered)
Armour
 b - a +0 scale mail
 c - a +0 buckler (worn)
 i - a +0 chain mail (worn)
 n - the +1 pair of gloves of the Other World (worn) {rF+ rC+ SInv}
   (You found it on level 2 of the Dungeon)

   rF:        It protects you from fire.
   rC:        It protects you from cold.
   SInv:      It lets you see invisible.
Scrolls
 g - a scroll of enchant weapon {unknown}
 j - a scroll of fog
 l - 2 scrolls of teleportation
 m - a scroll of magic mapping
 o - 2 scrolls of identify {unknown}
 p - a scroll of poison {unknown}
Potions
 d - a potion of might
 e - a potion of curing {unknown}
 f - a potion of attraction {unknown}
 h - 2 potions of heal wounds {unknown}
 q - 2 potions of lignification {unknown}
 r - a potion of degeneration {unknown}


   Skills:
 + Level 4.8 Fighting
 * Level 5.2 Axes
 + Level 2.0 Throwing
 + Level 4.9 Armour
 + Level 4.8 Shields


You had 5 spell levels left.
You didn't know any spells.
Your spell library was empty.

Dungeon Overview and Level Annotations

Branches:
Dungeon (4/15)
 Temple: D:4-7

Altars:
Hepliaklqana
Kikubaaqudgha

Annotations:
D:3 2 transporters, Monarks's ghost, amateur MiBe


Innate Abilities, Weirdness & Mutations

You have a pair of horns on your head.
You reflexively headbutt those who attack you in melee.


Message History

The wight is heavily damaged.
The wight hits you with a +3 great sword.
You feel drained. The wight completely misses you.
The wight hits you with a +0 short sword.
You hit the wight.
The wight is heavily damaged.
You closely miss the wight.
The wight hits you with a +3 great sword!
* * * LOW HITPOINT WARNING * * *
The wight hits you but does no damage. The wight misses you.
You furiously retaliate!
You headbutt the wight.
The wight hits you with a +3 great sword!
* * * LOW HITPOINT WARNING * * *
The shadow imp shouts, "Slither home, thou ducking nose-picking meatloaf!"
A water moccasin comes into view.
You slice the wight!!
You destroy the wight!
You closely miss the wight. The wight barely misses you.
You furiously retaliate!
You headbutt the wight. The wight barely misses you.
You block the wight's attack.
Your life force feels restored.
Your Throwing skill increases to level 2!
You barely miss the wight.
You headbutt the wight, but do no damage.
You slash the wight!
The wight hits you with a +0 short sword.
* * * LOW HITPOINT WARNING * * *
The wight barely misses you. You furiously retaliate!
You headbutt the wight! The wight hits you but does no damage.
You block the wight's attack.
You barely miss the wight. Your headbutt misses the wight.
The wight is severely damaged.
You barely miss the wight. The wight barely misses you. x2
The wight hits you with a +0 short sword.
* * * LOW HITPOINT WARNING * * *
You block the wight's attack.
You hit the wight.
You destroy the wight!
You barely miss the wight.
The wight hits you with a +0 short sword.
You die...

. .. #.. ..
########.####.
#.....@S5.....
#.#####z#####.
#.# .# #.# ..
#.# ... #.#
.... #.#..
.#### #.#.# ##
#.#.#


You could see a water moccasin, a wight and a shadow imp.

Vanquished Creatures
  4 wights (D:7)
  Jessica (D:3)
  An iguana (D:4)
  Natasha (twice) (D:2)
  An orc wizard (D:4)
  2 adders (D:3)
  4 orcs
  5 endoplasms
  11 giant cockroaches (D:2)
  3 goblins
  4 hobgoblins
  A quokka (D:1)
  A ball python (D:4)
  4 bats
  3 frilled lizards
  5 kobolds
  6 rats
58 creatures vanquished.

Vanquished Creatures (others)
  A human (D:3)
1 creature vanquished.

Grand Total: 59 creatures vanquished

Notes
Turn   | Place    | Note
-------+----------+-------------------------------------------
     0 | D:1      | bmack86 the Minotaur Fighter began the quest for the Orb.
     0 | D:1      | Reached XP level 1. HP: 19/19 MP: 0/0
   323 | D:1      | Reached XP level 2. HP: 24/27 MP: 1/1
   455 | D:1      | Reached skill level 3 in Axes
   838 | D:2      | Noticed Natasha
   845 | D:2      | Killed Natasha
   846 | D:2      | Reached XP level 3. HP: 20/33 MP: 2/2
   910 | D:2      | Identified the +1 pair of gloves of the Other World {rF+
                  | rC+ SInv}
  1103 | D:2      | Noticed Natasha
  1112 | D:2      | Killed Natasha
  1113 | D:2      | Reached XP level 4. HP: 24/40 MP: 3/3
  1797 | D:3      | Found a transporter.
  1797 | D:3      | Noticed Monarks's ghost (amateur MiBe)
  1812 | D:3      | Noticed Jessica
  1814 | D:3      | Killed Jessica
  1815 | D:3      | Reached skill level 4 in Axes
  1815 | D:3      | Reached skill level 1 in Throwing
  1852 | D:3      | Found a transporter.
  1868 | D:3      | Found an ancient bone altar of Kikubaaqudgha.
  1868 | D:3      | Noticed a human
  1885 | D:3      | Killed a human
  2047 | D:3      | Reached XP level 5. HP: 44/47 MP: 4/4
  2060 | D:3      | Found a hazy altar of Hepliaklqana.
  2218 | D:4      | You fall into a shaft and drop 3 floors!
  2268 | D:7      | Reached skill level 5 in Axes
  2268 | D:7      | Reached XP level 6. HP: 30/53 MP: 5/5
  2269 | D:7      | Noticed a water moccasin
  2272 | D:7      | HP: 2/55 [wight/+0 short sword (1)]
  2273 | D:7      | Slain by a wight

Illustrated notes

Levels and vault maps discovered:
D:1:      psy_arrival_terrarium, layout_basic, minmay_misc_feat_doors
D:2:      minmay_roachtagon, layout_basic, uniq_natasha
D:3:      layout_rooms, tgw_kikubaaqudgha, overflow_temple_1_default,
          gammafunk_ghost_arena, uniq_jessica
D:4:      layout_loops_ring, enter_ossuary_2, hex_medium, uniq_pikel
D:7:      layout_basic, kennysheep_okawaru_gauntlet

Skill      XL: |  1  2  3  4  5  6 |
---------------+-------------------+-----
Axes           | 3 4 5 |  5.2
Fighting       | 4 |  4.8
Armour         | 4 |  4.9
Shields        | 4 |  4.8
Throwing       | 1 2 |  2.0

Action                     |  1- 3 |  4- 6 || total
---------------------------+-------+-------++-------
  Melee: War axe           |    36 |    57 ||    93
         Headbutt          |     8 |     3 ||    11
  Throw: Boomerang         |       |     6 ||     6
    Use: Scroll            |     1 |     4 ||     5
 Armour: Scale mail        |     7 |       ||     7
         Chain mail        |    12 |    47 ||    59
  Dodge: Dodged            |    11 |    36 ||    47
  Block: Buckler           |    10 |    18 ||    28

Table legend: (Time is in decaauts)
 A = Elapsed time spent in this place.
 B = Non-inter-level travel time spent in this place.
 C = Inter-level travel time spent in this place.
 D = Time resting spent in this place.
 E = Time spent auto-exploring this place.
 F = Levels seen in this place.
 G = Mean time per level.
                   A        B        C        D        E       F      G
               +--------+--------+--------+--------+--------+-----+--------+
         Total |   2318 |   2269 |     49 |      0 |   1690 |   5 |  463.6 |
       Dungeon |   2318 |   2269 |     49 |      0 |   1690 |   5 |  463.6 |
               +--------+--------+--------+--------+--------+-----+--------+

Top non-repeatable levels by time:
     D:2: 981 daAuts
     D:1: 778 daAuts
     D:3: 424 daAuts
     D:4: 72 daAuts
     D:7: 60 daAuts
